 Dungeon Crawl Stone Soup version 0.30-a0-122-g2a1322497e (webtiles) character file.

Game seed: 13486037830822304334

80 Dreamer the Insei (level 4, -3/28 HPs)
             Began as an Octopode Transmuter on Sept 15, 2022.
             Slain by an orc wizard
             ... wielding a +0 dagger
              (5 damage)
             ... on level 3 of the Dungeon.
             The game lasted 00:04:54 (2709 turns).

Dreamer the Insei (Octopode Transmuter)             Turns: 2709, Time: 00:04:55

Health: -3/28      AC:  1    Str: 11    XL:     4   Next: 39%
Magic:  7/7        EV: 13    Int: 15    God:
Gold:   171        SH:  0    Dex: 12    Spells: 6/7 levels left

rFire   . . .      SeeInvis .      - Unarmed
rCold   . . .      Faith    .    (no shield)
rNeg    . . .      Spirit   .    (helmet restricted)
rPois   .          Reflect  .    (no amulet)
rElec   .          Harm     .    (no ring)
rCorr   .          Rampage  .    (no ring)
Will    .....                    (no ring)
Stlth   +++.......               (no ring)
HPRegen 0.09/turn                (no ring)
MPRegen 0.10/turn                (no ring)
                                 (no ring)
                                 (no ring)

@: no status effects
A: almost no armour, amphibious, 8 rings, camouflage 1, gelatinous body 1,
(nimble swimmer 1), tentacles
a: no special abilities


You were on level 3 of the Dungeon.
You visited 1 branch of the dungeon, and saw 3 of its levels.

You collected 171 gold pieces.

Inventory:

Missiles
 e - a throwing net
Wands
 l - a wand of flame (10)
Scrolls
 c - a scroll of teleportation {unknown}
 f - a scroll of magic mapping {unknown}
 h - a scroll of acquirement {unknown}
 j - 3 scrolls of enchant armour {unknown}
 k - a scroll of identify {unknown}
 n - a scroll of amnesia {unknown}
 o - a scroll of fear {unknown}
Potions
 a - a potion of lignification
 b - 2 potions of mutation {unknown}
 d - a potion of brilliance {unknown}
 g - a potion of heal wounds {unknown}
 i - 3 potions of attraction {unknown}
 m - a potion of curing {unknown}
 p - 3 potions of haste {unknown}


   Skills:
 - Level 1.0 Fighting
 - Level 2.0 Dodging
 + Level 3.0 Stealth
 * Level 4.5 Unarmed Combat
 - Level 2.0 Spellcasting
 - Level 2.0 Transmutations


You had 6 spell levels left.
You knew the following spells:

 Your Spells              Type           Power      Damage    Failure   Level
a - Beastly Appendage     Tmut           14%        N/A       10%         1

Your spell library contained the following spells:

 Spells                   Type           Power      Damage    Failure   Level
 Sting                    Tmut/Pois      16%        1d3       14%         1
 Wereblood                Tmut           7%         N/A       14%         2
 Apportation              Tloc           2%         N/A       22%         1
 Necrotise                Necr           4%         1d4       22%         1
 Summon Small Mammal      Summ           4%         N/A       22%         1
 Poisonous Vapours        Pois/Air       2%         N/A       32%         2
 Spider Form              Tmut/Pois      4%         N/A       41%         3
 Ice Form                 Ice/Tmut       4%         N/A       82%         4
 Olgreb's Toxic Radiance  Pois           1%         N/A       91%         4


Dungeon Overview and Level Annotations

Branches:
Dungeon (3/15)

Altars:

Annotations:
D:2 1 runed translucent door, exclusion: door, Crazy Yiuf
D:3 exclusion: ice beast


Innate Abilities, Weirdness & Mutations

You cannot wear most types of armour.
You are amphibious.
You can wear up to eight rings at the same time.
Your skin changes colour to match your surroundings (Stealth+).
Your rubbery body absorbs attacks. (AC +1, EV +1)
((You are camouflaged when in or above water. (Stealth+)))
You have tentacles for arms and can constrict up to eight enemies at once.


Message History

The goblin unwields a +0 dagger.
The goblin wields a +0 sling.
The goblin shoots a sling bullet.
The sling bullet closely misses you.
The goblin shoots a sling bullet.
The sling bullet closely misses you.
You hear a shout!
One of your tentacles grows a vicious spike.
The orc attacks as you move away! The orc hits you with a +0 club.
You closely miss the orc. You grab the orc. You squeeze the orc.
The orc is moderately wounded.
You constrict the orc, but do no damage.
The orc hits you with a +0 club.
You tentacle-slap the orc but do no damage.
The orc is moderately wounded.
You constrict the orc. The orc hits you with a +0 club.
You barely miss the orc.
You pierce the orc.
You kill the orc!
The goblin shoots a sling bullet.
The sling bullet hits you but does no damage.
Found a clear potion.
Your transformation is almost over.
The goblin shoots a sling bullet.
The sling bullet hits you.
You hear a shout!
p - 3 clear potions (gained 1)
The goblin shoots a sling bullet.
The sling bullet barely misses you.
The goblin shoots a sling bullet.
The sling bullet closely misses you.
The goblin unwields a +0 sling.
The goblin wields a +0 dagger.
The goblin hits you with a +0 dagger.
Your tentacle spike disappears.
The orc wizard barely misses you.
You closely miss the orc wizard.
The frilled lizard hisses angrily.
Your grab misses the orc wizard. The goblin closely misses you.
The orc closely misses you.
The orc wizard hits you with a +0 dagger.
You tentacle-slap the orc wizard but do no damage.
Your grab misses the orc wizard. You tentacle-slap the orc wizard.
The orc wizard is lightly wounded.
The goblin barely misses you. The orc hits you with a +0 flail!
* * * LOW HITPOINT WARNING * * *
The orc wizard hits you with a +0 dagger.
You die...

#..########..........#
#.. .).......o#.######
#.# ####......#l# #.
#......#.# #.
#.....g#.# #
#......#.# #
#......#[#### #
#.....)#og..#### #
######..o@.....# #
######.##.# # #.# # #
#.# # ..# # #..# #
...# # ##.##
###########.. ..


You could see an orc wizard, an orc, a goblin and a frilled lizard.

Vanquished Creatures
  3 adders (D:2)
  A gnoll (D:1)
  An orc (D:3)
  2 bats
  An endoplasm (D:1)
  A giant cockroach (D:2)
  5 goblins
  5 hobgoblins
  3 jackals (D:1)
  A quokka (D:2)
  6 ball pythons
  3 frilled lizards (D:1)
  5 kobolds
  5 rats
42 creatures vanquished.

Notes
Turn   | Place    | Note
-------+----------+-------------------------------------------
     0 | D:1      | Dreamer the Octopode Transmuter began the quest for the
                  | Orb.
     0 | D:1      | Reached XP level 1. HP: 13/13 MP: 3/3
   139 | D:1      | Reached skill level 1 in Stealth
   141 | D:1      | Reached XP level 2. HP: 14/18 MP: 3/5
   384 | D:1      | Reached XP level 3. HP: 20/23 MP: 6/6
   981 | D:1      | Found a faded altar of an unknown god.
  1122 | D:2      | Reached skill level 4 in Unarmed Combat
  1397 | D:2      | Found a runed translucent door.
  1398 | D:2      | Noticed Crazy Yiuf
  1624 | D:2      | Reached XP level 4. HP: 10/28 MP: 4/7
  2659 | D:3      | Noticed an ice beast
  2709 | D:3      | Slain by an orc wizard

Illustrated notes

Levels and vault maps discovered:
D:1:      psy_arrival_radial02, layout_loops_cross,
          shapermc_ecumenical_altar_hornbeckon, minmay_shallow_snake_nest
D:2:      layout_loops_ring, minivault_27, uniq_crazy_yiuf_cottage
D:3:      layout_basic, lemuel_round_altar, minmay_misc_feat_encased

Skill      XL: |  1  2  3  4 |
---------------+-------------+-----
Stealth        | 1 2 3 |  3.0
Unarmed Combat | 4 |  4.5
Fighting       | |  1.0
Dodging        | |  2.0
Spellcasting   | |  2.0
Transmutations | |  2.0

Action                   |  1- 3 |  4- 6 || total
-------------------------+-------+-------++-------
Melee: Unarmed           |    69 |    28 ||    97
       Constrict         |    14 |     9 ||    23
       Tentacles         |    11 |     7 ||    18
       Kick              |     9 |     1 ||    10
       Punch             |     2 |     1 ||     3
 Cast: Beastly Appendage |     6 |     1 ||     7
 Stab: Sleeping          |     2 |     4 ||     6
Armor: Skin              |     4 |     2 ||     6
Dodge: Dodged            |    43 |    21 ||    64

Table legend: (Time is in decaauts)
 A = Elapsed time spent in this place.
 B = Non-inter-level travel time spent in this place.
 C = Inter-level travel time spent in this place.
 D = Time resting spent in this place.
 E = Time spent auto-exploring this place.
 F = Levels seen in this place.
 G = Mean time per level.
                   A        B        C        D        E       F      G
               +--------+--------+--------+--------+--------+-----+--------+
         Total |   2700 |   2674 |     26 |    565 |   1674 |   3 |  900.0 |
       Dungeon |   2700 |   2674 |     26 |    565 |   1674 |   3 |  900.0 |
               +--------+--------+--------+--------+--------+-----+--------+

Top non-repeatable levels by time:
     D:2: 1194 daAuts
     D:1: 1097 daAuts
     D:3: 408 daAuts
